 Dungeon Crawl Stone Soup version 0.29-a0-653-gd47aff6735 (webtiles) character file.

Game seed: 7003867909318542237

1072 zeratav the Archer (level 8, -2/37 HPs)
             Began as a Spriggan Arcane Marksman on June 21, 2022.
             Was an Initiate of Dithmenos.
             Shot with an arrow by a centaur (10 damage)
             ... on level 6 of the Dungeon.
             The game lasted 00:12:33 (7075 turns).

zeratav the Archer (Spriggan Arcane Marksman)       Turns: 7075, Time: 00:12:34

Health: -2/37      AC:  2    Str:  6    XL:     8   Next: 7%
Magic:  0/11       EV: 17    Int: 15    God:    Dithmenos [......]
Gold:   237        SH:  0    Dex: 17    Spells: 8/9 levels left

rFire   . . .      SeeInvis +   a - +2 shortbow {bow}
rCold   . . .      Faith    .   (shield currently unavailable)
rNeg    . . .      Spirit   +   b - +0 robe
rPois   .          Reflect  .   (helmet restricted)
rElec   .          Harm     .   (no cloak)
rCorr   .          Rampage  .   (gloves unavailable)
Will    +....                   (boots unavailable)
Stlth   +++.......              k - amulet of guardian spirit
HPRegen 0.12/turn               (no ring)
MPRegen 0.12/turn               (no ring)

@: very quick
A: very small, no large weapons, unfitting armour, see invisible, speed 3
a: Renounce Religion


You were on level 6 of the Dungeon.
You worshipped Dithmenos.
Dithmenos was noncommittal.
You visited 1 branch of the dungeon, and saw 6 of its levels.

You collected 237 gold pieces.


Innate Abilities, Weirdness & Mutations

You are very small and have problems with some larger weapons.
You are too small for most types of armour.
You have supernaturally acute eyesight. (SInv)
You cover ground extremely quickly. (Speed+++)


   Skills:
 - Level 0.7 Fighting
 + Level 10.8 Bows
 - Level 2.6 Dodging
 - Level 5.0 Stealth
 - Level 1.3 Spellcasting
 - Level 3.6 Hexes


You had 8 spell levels left.
You knew the following spells:

 Your Spells              Type           Power      Damage    Failure   Level
a - Slow                  Hex            44%        N/A       5%          1

Your spell library contained the following spells:

 Spells                   Type           Power      Damage    Failure   Level
 Beastly Appendage        Tmut           2%         N/A       24%         1
 Summon Small Mammal      Summ           4%         N/A       24%         1
 Wereblood                Tmut           1%         N/A       34%         2
 Inner Flame              Hex/Fire       6%         N/A       34%         3
 Portal Projectile        Hex/Tloc       12%        N/A       34%         3
 Summon Guardian Golem    Hex/Summ       6%         N/A       34%         3
 Cause Fear               Hex            5%         N/A       47%         4
 Call Canine Familiar     Summ           1%         N/A       56%         3
 Ignite Poison            Fire/Tmut/Pois 1%         N/A       56%         3
 Mephitic Cloud           Conj/Pois/Air  1%         N/A       56%         3
 Spider Form              Tmut/Pois      1%         N/A       56%         3
 Freezing Cloud           Conj/Ice/Air   0%         6-21      100%        5

Inventory:

Hand Weapons
 a - a +2 shortbow (weapon) {bow}
 d - a +3 dagger of freezing {short}
   (You found it on level 1 of the Dungeon)
Armour
 b - a +0 robe (worn)
Jewellery
 h - a ring of protection from cold
   (You found it on level 5 of the Dungeon)
 k - an amulet of guardian spirit (around neck)
   (You found it on level 1 of the Dungeon)
Wands
 q - a wand of iceblast (6)
   (You took it off Ijyb on level 3 of the Dungeon)
Scrolls
 c - a scroll of vulnerability {!r!r}
 f - a scroll of immolation {!r!r}
 i - 4 scrolls of fog
 m - 2 scrolls of poison {!r}
 n - a scroll of enchant armour
 s - 4 scrolls of teleportation {@r4}
 t - a scroll of magic mapping {!r}
 u - 2 scrolls of amnesia
Potions
 e - 5 potions of curing {@q1}
 g - 2 potions of flight {unknown}
 j - a potion of mutation {unknown}
 l - a potion of cancellation {unknown}
 o - a potion of resistance {unknown}
 p - a potion of heal wounds {unknown}
 r - 2 potions of lignification {unknown}
 v - a potion of degeneration {unknown}

Dungeon Overview and Level Annotations

Branches:
Dungeon (6/15) Zot: 26860
 Temple: D:4-7

Altars:
Dithmenos
Ru
Sif Muna
Uskayaw
Zin
The Shining One

#......###......#
#.#.....#..#....#
###.#........#.#.##
#............#.#.#
+#######'........#.#.#
#...#..)#......).#...#
#...#..†#........##..#
#.......#........# ..#
###._)###@#.#+####
#.......#.#...#
#...#...#.########
#...#...#.........
+#######+.########
........c......
......#.#######
..?...#.# #+### #.#


You could see a centaur.


Message History

You now have 37 max hp (+5).
Your hp is fully restored (37).
Your mp is fully restored (11).
Things that are here:
a +0 giant club {mace}; an ogre corpse
s - 4 scrolls of teleportation {@r4} (gained 1)
You open the door.
A ball python and a goblin come into view.
The goblin shouts!
Found a sacrificial altar of Ru.
You shoot an arrow.
The arrow closely misses the ball python.
The ball python hisses angrily.
You shoot an arrow.
The arrow closely misses the ball python.
The ball python hisses angrily.
A hobgoblin comes into view.
You shoot an arrow. The arrow hits the hobgoblin!
You kill the hobgoblin!
Dithmenos accepts your kill.
The ball python hisses angrily.
You shoot an arrow. The arrow barely misses the goblin.
You shoot an arrow. The arrow hits the goblin.
No target in view!
No target in view!
No target in view!
You shoot an arrow. The arrow hits the goblin!
You kill the goblin!
Dithmenos accepts your kill.
No target in view!
No target in view!
An orc wizard comes into view. It is wielding a +0 dagger.
There is an open door here.
You shoot an arrow. The arrow barely misses the orc wizard.
You shoot an arrow. The ball python hisses angrily.
The arrow hits the orc wizard!
You shoot an arrow. The arrow hits the orc wizard!
You kill the orc wizard!
Dithmenos accepts your kill.
You shoot an arrow.
The arrow closely misses the ball python.
You shoot an arrow.
The arrow barely misses the ball python.
The ball python hisses angrily.
You shoot an arrow. The arrow hits the ball python.
You kill the ball python!
Dithmenos accepts your kill.
No target in view!
Things that are here:
a +0 dagger {short}; a +0 robe; an orc corpse
Things that are here:
a +0 dagger {short}; a goblin corpse
Things that are here:
a +0 dagger {short}; a +0 robe; an orc corpse
There is an open door here.
A centaur comes into view.
The centaur shouts!
The centaur wields a +0 shortbow.
The centaur shoots an arrow.
The arrow misses you.
You shoot an arrow. The arrow hits the centaur.
The centaur shoots an arrow.
The arrow barely misses you.
You shoot an arrow. The arrow hits the centaur.
The centaur shoots an arrow.
The arrow closely misses you.
You shoot an arrow.
The arrow hits the centaur but does no damage.
You shoot an arrow.
The arrow hits the centaur but does no damage.
The centaur shoots an arrow.
The arrow barely misses you.
You shoot an arrow. The arrow hits the centaur.
The centaur shoots an arrow.
The arrow misses you.
You shoot an arrow. The arrow hits the centaur.
The centaur shoots an arrow.
The arrow hits you!
HP[-10] MP[-3]
You take 10 damage, and now have 27/37 hp.
MASSIVE DAMAGE!! (PAUSE)
You lost 3 mp, and now have 8/11 mp.
You are too injured to fight recklessly!
Shoot: a) +2 shortbow {bow}
Press: ? - help, Q - select action, (/) - cycle Shift-Dir - straight line, f/p - centaur
Aim: a centaur, wielding a +0 shortbow (heavily wounded, 76% to hit)
You shoot an arrow. The arrow hits the centaur.
Shoot: a) +2 shortbow {bow}
Press: ? - help, Q - select action, (/) - cycle Shift-Dir - straight line, f/p - centaur
Aim: a centaur, wielding a +0 shortbow (severely wounded, 76% to hit)
You shoot an arrow. The arrow barely misses the centaur.
The centaur shoots an arrow.
The arrow hits you!
* * * LOW HITPOINT WARNING * * *
The centaur shoots an arrow.
The arrow hits you.
* * * LOW HITPOINT WARNING * * *
HP[-17] MP[-5]
You take 17 damage, and now have 10/37 hp.
MASSIVE DAMAGE!! (PAUSE)
You lost 5 mp, and now have 3/11 mp.
The centaur shoots an arrow.
The arrow hits you.
* * * LOW HITPOINT WARNING * * *
HP[-2] MP[-1]
You take 2 damage, and now have 8/37 hp.
You lost 1 mp, and now have 2/11 mp.
The centaur shoots an arrow.
The arrow hits you!
You die...

Skill      XL: |  1  2  3  4  5  6  7 |
---------------+----------------------+-----
Bows           | 3 4 5 6 8 9 10 | 10.8
Stealth        | 5 |  5.0
Fighting       | |  0.7
Dodging        | |  2.6
Spellcasting   | |  1.3
Hexes          | |  3.6

Action                   |  1- 3 |  4- 6 |  7- 9 || total
-------------------------+-------+-------+-------++-------
Melee: Dagger            |     1 |    12 |       ||    13
 Fire: Shortbow          |   147 |   205 |   141 ||   493
 Cast: Slow              |     2 |     5 |       ||     7
Evoke: Wand              |       |     1 |       ||     1
  Use: Scroll            |       |       |    11 ||    11
Armor: Robe              |    22 |     8 |     2 ||    32
Dodge: Dodged            |    88 |    65 |    22 ||   175

Levels and vault maps discovered:
D:1:      dpeg_arrival_rooms_a, layout_basic, due_unseen_surprise
D:2:      layout_basic, grunt_ministairs_15
D:3:      minmay_general_purpose_star, layout_loops_ring, led_sif_book,
          shapermc_ecumenical_altar_mp_ritualfount, minmay_cut_off, uniq_ijyb
D:4:      layout_loops_corners, kennysheep_potato, uniq_natasha
D:5:      layout_gridville, tso_oasis_becter
D:6:      layout_basic, demons_altar, nicolae_ru_great_annihilating_truth,
          nicolae_dithmenos_shadow_blocks, grunt_temple_overflow_open,
          minmay_temple_entry_nine_rooms

Notes
Turn   | Place    | Note
-------+----------+-------------------------------------------
     0 | D:1      | zeratav the Spriggan Arcane Marksman began the quest for
                  | the Orb.
     0 | D:1      | Reached XP level 1. HP: 9/9 MP: 3/3
     0 | D:1      | magus.rc [v1.9.6]
   100 | D:1      | Reached skill level 3 in Bows
   337 | D:1      | Reached XP level 2. HP: 14/14 MP: 5/5
   607 | D:1      | Reached skill level 4 in Bows
   814 | D:1      | Reached XP level 3. HP: 16/17 MP: 6/6
  1494 | D:2      | You pick up a book of Changes and begin reading...
  1494 | D:2      | You add the spells Beastly Appendage, Wereblood and Spider
                  | Form to your library.
  1578 | D:2      | You add the spells Ignite Poison, Mephitic Cloud and
                  | Freezing Cloud to your library.
  1625 | D:2      | Reached skill level 5 in Bows
  1871 | D:2      | Reached XP level 4. HP: 16/21 MP: 5/7
  2260 | D:3      | Noticed Ijyb
  2881 | D:3      | Found a faded altar of an unknown god.
  3141 | D:3      | Reached skill level 6 in Bows
  3456 | D:3      | Found a shimmering blue altar of Sif Muna.
  3563 | D:3      | Reached XP level 5. HP: 23/25 MP: 6/8
  3909 | D:3      | Killed Ijyb
  4178 | D:3      | Reached skill level 7 in Bows
  4359 | D:4      | Noticed Natasha
  4371 | D:4      | Killed Natasha
  4499 | D:4      | Noticed a black bear
  4558 | D:4      | HP: 2/25 [black bear (7)]
  4575 | D:3      | Killed a black bear
  4576 | D:3      | Reached skill level 8 in Bows
  4576 | D:3      | Reached XP level 6. HP: 4/29 MP: 1/9
  5163 | D:4      | Noticed Natasha
  5239 | D:4      | Killed Natasha
  5242 | D:4      | Reached skill level 9 in Bows
  5555 | D:4      | Noticed Natasha
  5561 | D:4      | Killed Natasha
  5806 | D:4      | Reached XP level 7. HP: 32/32 MP: 10/10
  6024 | D:5      | Entered Level 5 of the Dungeon
  6191 | D:5      | Reached skill level 10 in Bows
  6191 | D:5      | Reached skill level 1 in Stealth
  6234 | D:5      | Reached skill level 2 in Stealth
  6249 | D:5      | Reached skill level 3 in Stealth
  6271 | D:5      | Reached skill level 4 in Stealth
  6523 | D:5      | You pick up a book of Callings and begin reading...
  6523 | D:5      | You add the spells Summon Small Mammal, Call Canine
                  | Familiar and Summon Guardian Golem to your library.
  6606 | D:5      | Found a glowing golden altar of the Shining One.
  6902 | D:6      | Found a hide-covered altar of Uskayaw.
  6906 | D:6      | Found a glowing silver altar of Zin.
  6914 | D:6      | Reached skill level 5 in Stealth
  6990 | D:6      | Found a shadowy altar of Dithmenos.
  6998 | D:6      | Became a worshipper of Dithmenos the Shadowed
  7002 | D:6      | Reached XP level 8. HP: 37/37 MP: 11/11
  7030 | D:6      | Found a sacrificial altar of Ru.
  7074 | D:6      | HP: 8/37 [centaur/arrow (2)]
  7075 | D:6      | Shot with an arrow by a centaur

Vanquished Creatures
  A black bear (D:3)
  2 ogres (D:6)
  A phantom (D:5)
  A scorpion (D:4)
  A hound (D:5)
  A jelly (D:4)
  3 orc priests
  An iguana (D:5)
  Natasha (thrice) (D:4)
  8 orc wizards
  Ijyb (D:3)
  5 adders
  3 gnolls (D:6)
  3 worms
  A dart slug (D:3)
  16 orcs
  5 bats
  8 endoplasms
  2 giant cockroaches
  8 goblins
  14 hobgoblins
  6 jackals
  9 kobolds
  A quokka (D:3)
  8 ball pythons
  4 frilled lizards
  8 rats
124 creatures vanquished.

Table legend:
 A = Non-vault XP
 B = Vault XP
 C = Vault XP percentage of total XP
 D = Non-vault monster count
 E = Vault monster count
 F = Vault count percentage of total count
                 A         B        C        D         E       F
            +---------+---------+-------+---------+---------+-------
      Total |    1317 |     215 |  14.0 |     104 |      20 |  16.1
            +---------+---------+-------+---------+---------+-------
        D:1 |      49 |       0 |   0.0 |      29 |       0 |   0.0
        D:2 |      70 |       2 |   2.8 |      24 |       2 |   7.7
        D:3 |     177 |     134 |  43.1 |       8 |      12 |  60.0
        D:4 |     371 |      39 |   9.5 |      16 |       2 |  11.1
        D:5 |     354 |       0 |   0.0 |      21 |       0 |   0.0
        D:6 |     296 |      40 |  11.9 |       6 |       4 |  40.0
            +---------+---------+-------+---------+---------+-------

Illustrated notes

Table legend:
 A = Kills in this place as a percentage of kills in entire the game.
 B = Kills by you in this place as a percentage of kills by you in the entire game.
 C = Kills by friends in this place as a percentage of kills by friends in the entire game.
 D = Other kills in this place as a percentage of other kills in the entire game.
 E = Experience gained in this place as a percentage of experience gained in the entire game.
 F = Experience gained in this place divided by the number of levels of this place that you have seen.
                   A       B       C       D       E      F
               +-------+-------+-------+-------+-------+----------------------
         Total | 100.0 | 100.0 |   N/A |   N/A | 100.0 | 255.3
       Dungeon | 100.0 | 100.0 |   N/A |   N/A | 100.0 | 255.3
               +-------+-------+-------+-------+-------+----------------------

Table legend: (Time is in decaauts)
 A = Elapsed time spent in this place.
 B = Non-inter-level travel time spent in this place.
 C = Inter-level travel time spent in this place.
 D = Time resting spent in this place.
 E = Time spent auto-exploring this place.
 F = Levels seen in this place.
 G = Mean time per level.
                   A        B        C        D        E       F      G
               +--------+--------+--------+--------+--------+-----+--------+
         Total |   5659 |   5379 |    280 |   1443 |   2919 |   6 |  943.2 |
       Dungeon |   5659 |   5379 |    280 |   1443 |   2919 |   6 |  943.2 |
               +--------+--------+--------+--------+--------+-----+--------+

Top non-repeatable levels by time:
     D:3: 1568 daAuts
     D:2: 1251 daAuts
     D:4: 1175 daAuts
     D:1: 884 daAuts
     D:5: 639 daAuts
     D:6: 139 daAuts
